 Dungeon Crawl Stone Soup version 0.31.0-9-g3a7656b989 (webtiles) character file.

Game seed: 12659814736259502481

289 qw the Shooter (level 6, -3/30 HPs)
             Began as a Spriggan Hunter on Feb 2, 2024.
             Incinerated by a bombardier beetle (6 damage)
             ... with a burning spray
             ... on level 4 of the Dungeon.
             The game lasted 00:00:09 (2512 turns).

qw the Shooter (Spriggan Hunter)                    Turns: 2512, Time: 00:00:09

Health: -3/30      AC:  5    Str:  7    XL:     6   Next: 9%
Magic:  7/7        EV: 21    Int: 11    God:
Gold:   185        SH:  0    Dex: 20    Spells: 5/5 levels left

rFire   . . .        a - +1 shortbow (heavy)
rCold   . . .        (shield currently unavailable)
rNeg    . . .        c - +0 robe
rPois   .            (helmet restricted)
rElec   .            d - +2 cloak
rCorr   .            (gloves unavailable)
SInv    +            (boots unavailable)
Will    +....        (no amulet)
Stlth   +            (no ring)
HPRegen 0.25/turn    (no ring)
MPRegen 0.10/turn

%: no passive effects
@: on fire, glowing, very quick
A: very small, no large weapons, unfitting armour, see invisible, speed 3
a: no special abilities


You were on level 4 of the Dungeon.
You visited 1 branch of the dungeon, and saw 4 of its levels.

You collected 213 gold pieces.
You spent 28 gold pieces at shops.


Innate Abilities, Weirdness & Mutations

You are very small and have problems with some larger weapons.
You are too small for most types of armour.
You have supernaturally acute eyesight. (SInv)
You cover ground extremely quickly. (Speed+++)


   Skills:
 - Level 2.0 Fighting
 - Level 6.1 Ranged Weapons
 + Level 5.6 Dodging
 - Level 1.5 Stealth


You had 5 spell levels left.
You didn't know any spells.
Your spell library was empty.

Inventory:

Hand Weapons
 a - a +1 heavy shortbow (weapon)
Armour
 c - a +0 robe (worn)
 d - a +2 cloak (worn)
Jewellery
 e - a +6 ring of dexterity
 g - a ring of fire
Scrolls
 h - a scroll of blinking {unknown}
 k - a scroll of brand weapon
Potions
 b - 2 potions of curing
 f - 2 potions of haste
 j - a potion of heal wounds

Dungeon Overview and Level Annotations

Branches:
Dungeon (4/15)
 Temple: D:4-7

Altars:
Elyvilon

Shops:
D:1 [:   D:2 *


Message History

Found a stone staircase leading down.
You shoot an arrow. The arrow hits the adder!
The adder hisses angrily.
The adder is almost dead.
You shoot an arrow. The arrow misses the adder.
The adder bites you but does no damage.
You shoot an arrow. The arrow hits the adder!!
You kill the adder!
Found a cloak.
Found a throwing net.
A bombardier beetle comes into view.
You shoot an arrow.
The arrow hits the bombardier beetle but does no damage.
You shoot an arrow. The arrow hits the bombardier beetle.
The bombardier beetle is lightly wounded.
You shoot an arrow. The arrow hits the bombardier beetle.
The bombardier beetle is heavily wounded.
You shoot an arrow.
The arrow hits the bombardier beetle but does no damage.
The bombardier beetle is heavily wounded.
The bombardier beetle sprays incendiary fluid at you.
The burning spray hits you.
You are covered in liquid fire!
You shoot an arrow. The arrow hits the bombardier beetle!
The bombardier beetle is almost dead.
The liquid fire burns you!
You shoot an arrow.
The arrow barely misses the bombardier beetle.
The liquid fire burns you!
You shoot an arrow. The arrow hits the bombardier beetle!
You kill the bombardier beetle!
The liquid fire burns you!
You have reached level 6!
You are on fire!
The liquid fire burns you!
You are on fire!
The liquid fire burns you!
You are on fire!
The liquid fire burns you!
You die...

..# ###..#..# ..#
##....#
#......%..#.###
#.........#...###
.........###...#
.###.##### ###.#
#. #.# #
#######.#####
........@$%$#
#######..##..|..
##.(. ##. ####..
..$ ##


There were no monsters in sight!

Vanquished Creatures
  A bombardier beetle (D:4)
  An orc priest (D:3)
  An orc wizard (D:3)
  7 gnolls (D:3)
  6 adders
  6 dart slugs
  7 orcs (D:3)
  2 endoplasms
  12 goblins
  3 hobgoblins
  4 kobolds
  3 quokkas
  11 ball pythons
  6 bats
  4 frilled lizards
  4 rats
78 creatures vanquished.

Notes
Turn   | Place    | Note
-------+----------+-------------------------------------------
     0 | D:1      | qw the Spriggan Hunter began the quest for the Orb.
     0 | D:1      | Reached XP level 1. HP: 10/10 MP: 2/2
     0 | D:1      | 0 ||| qw: Version: 0.3-a-155-g5e7d8dd
     0 | D:1      | 0 ||| qw: Game counter: 2266
     0 | D:1      | 0 ||| qw: Melee chars always use a shield: true
     0 | D:1      | 0 ||| qw: God list: Okawaru
     0 | D:1      | 0 ||| qw: Allow faded altars: false
     0 | D:1      | 0 ||| qw: Do Orc after clearing Dungeon:15 true
     0 | D:1      | 0 ||| qw: Do second Lair branch before Depths: true
     0 | D:1      | 0 ||| qw: Lair rune preference: random
     0 | D:1      | 0 ||| qw: Goals: Normal
     0 | D:1      | 0 ||| PLANNING D:1-11
    34 | D:1      | Reached skill level 3 in Dodging
    66 | D:1      | Reached XP level 2. HP: 14/14 MP: 3/3
   324 | D:1      | Found Cehoat's Book Shop.
   436 | D:1      | Found Zupek's Armour Shop.
   485 | D:1      | Reached XP level 3. HP: 18/18 MP: 4/4
   760 | D:1      | 760 ||| UPGRADING to +0 cloak.
   765 | D:1      | 765 ||| READING scroll labelled KAFEIGR QOPYFF.
   770 | D:1      | 770 ||| READING scroll labelled CYUPSO WAETT.
   771 | D:1      | 771 ||| DRINKING 2 orange potions.
   772 | D:1      | 772 ||| DROPPING scroll of butterflies.
   931 | D:2      | Reached skill level 5 in Ranged Weapons
   963 | D:2      | Found a white marble altar of Elyvilon.
  1089 | D:2      | Reached XP level 4. HP: 22/22 MP: 5/5
  1239 | D:2      | Found Gonyuxig's General Store.
  1245 | D:2      | 1245 ||| SHOPLISTING scroll of acquirement (728 gold, have
                  | 107).
  1245 | D:2      | 1245 ||| BUYING scroll of identify (28 gold).
  1245 | D:2      | Bought a scroll of identify for 28 gold pieces
  1451 | D:2      | 1451 ||| DROPPING ring of magical power.
  1452 | D:2      | 1452 ||| READING 2 scrolls of identify.
  1452 | D:2      | 1452 ||| IDENTIFYING cyan potion
  1453 | D:2      | 1453 ||| READING scroll of identify.
  1453 | D:2      | 1453 ||| IDENTIFYING fizzy silvery potion
  1454 | D:2      | 1454 ||| READING scroll labelled PEOPNU QAJAO.
  1455 | D:2      | 1455 ||| READING scroll labelled IFFEWK ALAUTT.
  1456 | D:2      | 1456 ||| READING 2 scrolls labelled ASIVUR HAMUNK.
  1456 | D:2      | 1456 ||| BRANDING +0 shortbow.
  1457 | D:2      | 1457 ||| READING scroll labelled UXYS WYAKK.
  1457 | D:2      | 1457 ||| ENCHANTING +0 heavy shortbow.
  1458 | D:2      | 1458 ||| DRINKING 2 amethyst potions.
  1459 | D:2      | 1459 ||| DROPPING potion of degeneration.
  1461 | D:2      | 1461 ||| Stepping ~*~*~tactically~*~*~ (cloud).
  1837 | D:3      | Reached XP level 5. HP: 26/26 MP: 6/6
  2132 | D:3      | Reached skill level 6 in Ranged Weapons
  2422 | D:3      | 2422 ||| READING 2 scrolls labelled UTENIU EMES.
  2422 | D:3      | 2422 ||| ENCHANTING +0 cloak.
  2423 | D:3      | 2423 ||| READING scroll of enchant armour.
  2423 | D:3      | 2423 ||| ENCHANTING +1 cloak.
  2510 | D:4      | Reached XP level 6. HP: 10/30 MP: 7/7
  2510 | D:4      | HP: 6/30 [burnt (4)]
  2512 | D:4      | Incinerated by a bombardier beetle

Levels and vault maps discovered:
D:1:      shiori_arrival_oz, layout_basic, serial_shops, shop,
          nicolae_shop_tiny_glass, st_stairs_1, minmay_tetromino_l4
D:2:      layout_loops_ring, basic_altar, serial_forest, infiniplex_forest_pool,
          infiniplex_forest_lined_corner, infiniplex_forest_straight_4,
          infiniplex_forest_lined_3_way, infiniplex_forest_3_way,
          infiniplex_forest_end_double, serial_shops, shop_statue,
          dk_noncrumbling_3
D:3:      layout_basic
D:4:      layout_rooms, uniq_blork_the_orc, uniq_edmund

Skill      XL: |  1  2  3  4  5 |
---------------+----------------+-----
Dodging        | 3 4 5 |  5.6
Ranged Weapons | 5 6 |  6.1
Fighting       | 2 |  2.0
Stealth        | |  1.5

Action                     |  1- 3 |  4- 6 || total
---------------------------+-------+-------++-------
   Fire: Shortbow          |    91 |    82 ||   173
    Use: Scroll            |     2 |     8 ||    10
         Potion            |     1 |     1 ||     2
 Armour: Robe              |     2 |    13 ||    15
  Dodge: Dodged            |    20 |    24 ||    44

Table legend:
 A = Non-vault XP
 B = Vault XP
 C = Vault XP percentage of total XP
 D = Non-vault monster count
 E = Vault monster count
 F = Vault count percentage of total count
                 A         B        C        D         E       F
            +---------+---------+-------+---------+---------+-------
      Total |     398 |      16 |   3.9 |      69 |       9 |  11.5
            +---------+---------+-------+---------+---------+-------
        D:1 |      37 |      16 |  30.2 |      20 |       9 |  31.0
        D:2 |      70 |       0 |   0.0 |      16 |       0 |   0.0
        D:3 |     234 |       0 |   0.0 |      30 |       0 |   0.0
        D:4 |      57 |       0 |   0.0 |       3 |       0 |   0.0
            +---------+---------+-------+---------+---------+-------
